 Dungeon Crawl Stone Soup version 0.24.1-14-gf8d2b509d9 (console) character file.

Game seed: 16469395807508220292, levelgen mode: deterministic

1315 Kagalorn the Poker (level 8, -2/68 HPs)
             Began as a White Draconian Gladiator on Sept 14, 2020.
             Killed by divine providence
             ... invoked by an orc priest
              (14 damage)
             ... on level 4 of the Dungeon.
             The game lasted 00:15:01 (5424 turns).

Kagalorn the Poker (White Draconian Gladiator)      Turns: 5424, Time: 00:15:01

Health: -2/68      AC:  7    Str: 19    XL:     8   Next: 33%
Magic:  8/8        EV: 14    Int:  9    God:
Gold:   253        SH:  4    Dex: 12    Spells: 7/7 levels left

rFire    + . .     SeeInvis .   b - +1 short sword (venom)
rCold    + . .     Gourm    .   u - +0 buckler
rNeg     . . .     Faith    .   (armour unavailable)
rPois    .         Spirit   .   p - +0 hat
rElec    .         Reflect  .   (no cloak)
rCorr    .         Harm     .   (no gloves)
MR       .....                  n - +0 pair of boots
Stlth    +.........             (no amulet)
HPRegen  0.21/turn              x - ring of protection from fire
MPRegen  0.11/turn              (no ring)

@: no status effects
A: breathe frost, unfitting armour, cold resistance 1, cold-blooded, AC +6
a: Breathe Frost


You were on level 4 of the Dungeon.
You were very hungry.

You visited 1 branch of the dungeon, and saw 4 of its levels.
You also visited: Sewer.

You collected 253 gold pieces.

Inventory:

Hand Weapons
 a - a +0 trident
 b - a +1 short sword of venom (weapon)
 h - a +3 hand axe of freezing
Missiles
 c - 2 throwing nets
 f - 17 poisoned darts (quivered)
 g - 127 stones
 m - 51 sling bullets
 t - 64 bolts
Armour
 n - a +0 pair of boots (worn)
 p - a +0 hat (worn)
 u - a +0 buckler (worn)
Jewellery
 x - a ring of protection from fire (left hand)
Scrolls
 e - 3 scrolls of teleportation {unknown}
 i - a scroll of enchant armour {unknown}
 l - 2 scrolls of remove curse
 q - a scroll of magic mapping {unknown}
 v - a scroll of fear {unknown}
 y - a scroll of immolation {unknown}
 A - a scroll of enchant weapon {unknown}
Potions
 j - 3 potions of heal wounds {unknown}
 k - 2 potions of flight {unknown}
 o - 4 potions of curing
 r - 2 potions of brilliance
 s - 2 potions of magic
 w - a potion of lignification {unknown}
Comestibles
 d - 6 rations


   Skills:
 - Level 5.0 Fighting
 * Level 7.9 Polearms
 - Level 1.7 Throwing
 - Level 5.0 Dodging
 + Level 3.0 Shields


You had 7 spell levels left.
You didn't know any spells.
Your spell library was empty.

Dungeon Overview and Level Annotations

Branches:
Dungeon (4/15)              Sewer (visited)
 Temple: D:4-7

Altars:
Yredelemnul


Innate Abilities, Weirdness & Mutations

You can breathe waves of freezing cold.
You can buffet flying creatures when you breathe cold.
Your icy white scales are hard. (AC +6)
You cannot fit into any form of body armour.
Your flesh is cold resistant. (rC+)
You are cold-blooded and may be slowed by cold attacks.


Message History

Pain shoots through your body!
* * * LOW HITPOINT WARNING * * *
Unknown command.
Press: ? - help, v - describe, . - travel
Here: an orc priest, wielding a +0 dagger and wearing a cursed +0 leather armour (heavily wounded, poisoned)
The floor.
You barely miss the orc priest. You tail-slap the orc priest.
The orc priest is severely wounded.
The orc priest barely misses you. The orc priest completely misses you.
Unknown command.
You hit the orc priest.
The orc priest looks even sicker.
The orc priest is severely wounded.
The orc priest hits you with a +0 dagger!
* * * LOW HITPOINT WARNING * * *
The orc priest closely misses you.
Unknown command.
You feel better. The orc priest barely misses you.
The orc priest invokes the aid of Beogh against you.
Beogh smites you!
You die...

#.#..........# *,,,,
#......##.##.# ******,,,,
##........##.# *,,,**,*** **
*#.###.......# *,,,,,,*** ,**
*...*#.####..###,,,**,,,, *,**
*...*#.........#*,******* **,*
*,..##.#.##.##.#*,******* *,**
*,,,*#.#.##.##.#*,*,,,,,,
,********,,,*#.o@...##.#*,*,,,,,,
,***,,,,<.)....)o#####.#*,*,,,,,,
,,,^,,,,,........# #..,,,,,,,,,
,***,,,,,........# ###*,*,,,,,,
,,,,**,**...##.### *,*,,,,,,
,**,**,**..,*#.* *,*,,,,,,
,**,**,**.,,*#.* *,*******
,**,**,**,,,*#.* ******,*
***,**,**,,,**,*****,,,,,,* **


You could see 2 orc priests.

Vanquished Creatures
  Grinder (Sewer)
  A sky beast (D:4)
  An ogre (D:4)
  A necrophage (Sewer)
  3 scorpions (D:4)
  3 killer bees (D:3)
  2 wights (Sewer)
  3 orc priests
  2 hounds (D:4)
  An orc wizard (D:3)
  A worker ant (D:4)
  2 big kobold zombies (Sewer)
  A hound skeleton (D:4)
  4 gnolls (D:3)
  4 adders
  A river rat (D:3)
  2 shadow imps (Sewer)
  An ufetubus (Sewer)
  5 worms
  2 dart slugs
  6 leopard geckos
  6 orcs (D:3)
  2 bat zombies (Sewer)
  6 giant cockroaches
  8 goblins
  10 hobgoblins
  12 jackals
  A quokka (D:4)
  3 ball pythons
  12 bats
  8 frilled lizards
  25 kobolds
  2 kobold zombies (Sewer)
  10 rats
152 creatures vanquished.

Notes
Turn   | Place    | Note
-------+----------+-------------------------------------------
     0 | D:1      | Kagalorn the Draconian Gladiator began the quest for the
                  | Orb.
     0 | D:1      | Reached XP level 1. HP: 17/17 MP: 1/1
    81 | D:1      | Reached XP level 2. HP: 25/25 MP: 2/2
   325 | D:1      | Reached XP level 3. HP: 25/30 MP: 3/3
  1200 | D:2      | Found a basalt altar of Yredelemnul.
  1223 | D:2      | Reached XP level 4. HP: 37/37 MP: 4/4
  1564 | D:3      | Reached skill level 4 in Polearms
  1613 | D:3      | Found a glowing drain.
  1656 | Sewer    | Entered a sewer
  1861 | Sewer    | Reached XP level 5. HP: 36/45 MP: 5/5
  2036 | Sewer    | Found an ancient bone altar of Kikubaaqudgha.
  2277 | Sewer    | Noticed Grinder
  2329 | Sewer    | Killed Grinder
  2329 | Sewer    | Reached skill level 5 in Polearms
  2329 | Sewer    | Reached XP level 6. HP: 7/52 MP: 6/6
  2659 | Sewer    | Reached skill level 5 in Dodging
  2812 | Sewer    | Your scales start taking on an icy white colour.
  2812 | Sewer    | Reached XP level 7. HP: 58/58 MP: 7/7
  2812 | Sewer    | Gained mutation: Your flesh is cold resistant. (rC+) [White
                  | Draconian growth]
  3131 | D:3      | Reached skill level 6 in Polearms
  4267 | D:4      | Reached skill level 5 in Fighting
  4293 | D:4      | Reached skill level 1 in Shields
  4310 | D:4      | Reached skill level 7 in Polearms
  4483 | D:4      | Reached XP level 8. HP: 58/67 MP: 8/8
  5423 | D:4      | HP: 2/68 [orc priest/+0 dagger (7)]
  5424 | D:4      | Killed from afar by an orc priest

Levels and vault maps discovered:
D:1:      dpeg_arrival_shelter, layout_rooms, hangedman_decor_slide_cut
D:2:      layout_basic, overflow_temple_1_default, first_ration,
          nrook_mini_vaults
D:3:      layout_loops_ring, lightli_sewer_entry_pipes
D:4:      layout_loops_cross

Skill      XL: |  1  2  3  4  5  6  7  8 |
---------------+-------------------------+-----
Dodging        | 3 4 5 |  5.0
Fighting       | 3 4 5 |  5.0
Polearms       | 4 5 7 |  7.9
Shields        | 2 3 |  3.0
Throwing       | |  1.7

Action                   |  1- 3 |  4- 6 |  7- 9 || total
-------------------------+-------+-------+-------++-------
Melee: Trident           |   150 |   185 |    21 ||   356
       Tailslap          |     7 |    29 |    26 ||    62
       Short sword       |       |    15 |   168 ||   183
Throw: Throwing net      |       |     3 |       ||     3
       Dart              |       |       |     2 ||     2
  Use: Scroll            |       |     5 |     2 ||     7
       Potion            |       |     1 |     3 ||     4
 Stab: Sleeping          |     2 |     3 |       ||     5
  Eat: Chunk             |     1 |     2 |     4 ||     7
       Ration            |       |     1 |     1 ||     2
Armor: Skin              |    26 |    80 |    43 ||   149
Dodge: Dodged            |    84 |   199 |   121 ||   404
Block: Buckler           |       |       |    22 ||    22
